[gd_scene load_steps=19 format=2]

[ext_resource path="res://entities/player/PlayerBirthDeath.gd" type="Script" id=1]
[ext_resource path="res://entities/particles/DieRespawnParticles_Colour_Ramp.tres" type="Texture" id=2]
[ext_resource path="res://entities/particles/DieRespawnParticlesDeath_Colour_Ramp.tres" type="Texture" id=3]
[ext_resource path="res://assets/graphics/shaders/shader_dissolve_rex.png" type="Texture" id=5]
[ext_resource path="res://assets/shaders/dissolve.tres" type="Shader" id=6]

[sub_resource type="ShaderMaterial" id=13]
shader = ExtResource( 6 )
shader_param/dissolve = true
shader_param/dissolve_value = 0.0
shader_param/noise_texture = ExtResource( 5 )

[sub_resource type="Curve" id=1]
max_value = 100.0
_data = [ Vector2( 0, 1 ), 0.0, 0.0, 0, 0, Vector2( 0.965087, 2.1591 ), 0.0, 0.0, 0, 0, Vector2( 0.98005, 100 ), -15.0278, 0.0, 0, 0 ]

[sub_resource type="CurveTexture" id=2]
curve = SubResource( 1 )

[sub_resource type="ParticlesMaterial" id=3]
emission_shape = 2
emission_box_extents = Vector3( 24, 0, 1 )
flag_disable_z = true
direction = Vector3( 0, -1, 0 )
spread = 0.0
gravity = Vector3( 0, -10, 0 )
orbit_velocity = 0.0
orbit_velocity_random = 0.0
linear_accel = 80.0
linear_accel_random = 0.49
damping_curve = SubResource( 2 )
scale = 4.0
color_ramp = ExtResource( 3 )

[sub_resource type="ParticlesMaterial" id=4]
emission_shape = 2
emission_box_extents = Vector3( 24, 0, 1 )
flag_disable_z = true
direction = Vector3( 0, -1, 0 )
spread = 0.0
gravity = Vector3( 0, -10, 0 )
orbit_velocity = 0.0
orbit_velocity_random = 0.0
linear_accel = 80.0
linear_accel_random = 0.49
damping_curve = SubResource( 2 )
scale = 4.0

[sub_resource type="Curve" id=5]
max_value = 100.0
_data = [ Vector2( 0, 100 ), 0.0, 0.0, 0, 0, Vector2( 0.0685841, 100 ), -10.0221, -10.0221, 0, 0, Vector2( 0.256637, 1.81818 ), 0.0, 0.0, 0, 0, Vector2( 1, 0 ), 0.0, 0.0, 0, 0, Vector2( 1, 0 ), -15.0278, 0.0, 0, 0 ]

[sub_resource type="CurveTexture" id=6]
curve = SubResource( 5 )

[sub_resource type="ParticlesMaterial" id=7]
emission_shape = 2
emission_box_extents = Vector3( 24, 8, 1 )
flag_disable_z = true
direction = Vector3( 0, 1, 0 )
spread = 0.0
gravity = Vector3( 0, 10, 0 )
orbit_velocity = 0.0
orbit_velocity_random = 0.0
linear_accel = 80.0
linear_accel_random = 0.49
damping_curve = SubResource( 6 )
scale = 4.0
color_ramp = ExtResource( 2 )

[sub_resource type="ParticlesMaterial" id=8]
emission_shape = 2
emission_box_extents = Vector3( 24, 8, 1 )
flag_disable_z = true
direction = Vector3( 0, 1, 0 )
spread = 0.0
gravity = Vector3( 0, 10, 0 )
orbit_velocity = 0.0
orbit_velocity_random = 0.0
linear_accel = 80.0
linear_accel_random = 0.49
damping_curve = SubResource( 6 )
scale = 4.0

[sub_resource type="Animation" id=9]
length = 4.5
tracks/0/type = "value"
tracks/0/path = NodePath("Sprite:offset")
tracks/0/interp = 1
tracks/0/loop_wrap = true
tracks/0/imported = false
tracks/0/enabled = true
tracks/0/keys = {
"times": PoolRealArray( 0.8, 2.3 ),
"transitions": PoolRealArray( 1, 1 ),
"update": 0,
"values": [ Vector2( 0, 0 ), Vector2( 0, -52 ) ]
}
tracks/1/type = "value"
tracks/1/path = NodePath("Sprite:material:shader_param/dissolve_value")
tracks/1/interp = 1
tracks/1/loop_wrap = true
tracks/1/imported = false
tracks/1/enabled = true
tracks/1/keys = {
"times": PoolRealArray( 0.3, 2.3 ),
"transitions": PoolRealArray( 1, 1 ),
"update": 0,
"values": [ 1.0, 0.0 ]
}
tracks/2/type = "value"
tracks/2/path = NodePath("Sprite:material:shader_param/dissolve")
tracks/2/interp = 1
tracks/2/loop_wrap = true
tracks/2/imported = false
tracks/2/enabled = true
tracks/2/keys = {
"times": PoolRealArray( 0.8, 2.3 ),
"transitions": PoolRealArray( 1, 1 ),
"update": 1,
"values": [ true, false ]
}
tracks/3/type = "value"
tracks/3/path = NodePath("Sprite:visible")
tracks/3/interp = 1
tracks/3/loop_wrap = true
tracks/3/imported = false
tracks/3/enabled = true
tracks/3/keys = {
"times": PoolRealArray( 0, 2.3 ),
"transitions": PoolRealArray( 1, 1 ),
"update": 1,
"values": [ true, false ]
}
tracks/4/type = "method"
tracks/4/path = NodePath(".")
tracks/4/interp = 1
tracks/4/loop_wrap = true
tracks/4/imported = false
tracks/4/enabled = true
tracks/4/keys = {
"times": PoolRealArray( 0.8 ),
"transitions": PoolRealArray( 1 ),
"values": [ {
"args": [  ],
"method": "play_audio_rex1"
} ]
}

[sub_resource type="Animation" id=10]
length = 4.5
tracks/0/type = "value"
tracks/0/path = NodePath("Sprite:material:shader_param/dissolve_value")
tracks/0/interp = 1
tracks/0/loop_wrap = true
tracks/0/imported = false
tracks/0/enabled = true
tracks/0/keys = {
"times": PoolRealArray( 0, 1.66, 4.3 ),
"transitions": PoolRealArray( 1, 1, 1 ),
"update": 0,
"values": [ 0.0, 0.0, 1.0 ]
}
tracks/1/type = "value"
tracks/1/path = NodePath("Sprite:visible")
tracks/1/interp = 1
tracks/1/loop_wrap = true
tracks/1/imported = false
tracks/1/enabled = true
tracks/1/keys = {
"times": PoolRealArray( 0 ),
"transitions": PoolRealArray( 1 ),
"update": 1,
"values": [ true ]
}
tracks/2/type = "value"
tracks/2/path = NodePath("Sprite:offset")
tracks/2/interp = 1
tracks/2/loop_wrap = true
tracks/2/imported = false
tracks/2/enabled = true
tracks/2/keys = {
"times": PoolRealArray( 0 ),
"transitions": PoolRealArray( 1 ),
"update": 0,
"values": [ Vector2( 0, 0 ) ]
}
tracks/3/type = "value"
tracks/3/path = NodePath("Sprite:material:shader_param/dissolve")
tracks/3/interp = 1
tracks/3/loop_wrap = true
tracks/3/imported = false
tracks/3/enabled = true
tracks/3/keys = {
"times": PoolRealArray( 0, 4.3 ),
"transitions": PoolRealArray( 1, 1 ),
"update": 1,
"values": [ true, false ]
}
tracks/4/type = "method"
tracks/4/path = NodePath(".")
tracks/4/interp = 1
tracks/4/loop_wrap = true
tracks/4/imported = false
tracks/4/enabled = true
tracks/4/keys = {
"times": PoolRealArray( 0.5 ),
"transitions": PoolRealArray( 1 ),
"values": [ {
"args": [  ],
"method": "play_audio_rex1"
} ]
}

[sub_resource type="Animation" id=11]
resource_name = "Spawn_Invincible"
length = 4.5
tracks/0/type = "value"
tracks/0/path = NodePath("Sprite:material:shader_param/dissolve_value")
tracks/0/interp = 1
tracks/0/loop_wrap = true
tracks/0/imported = false
tracks/0/enabled = true
tracks/0/keys = {
"times": PoolRealArray( 0, 1.66, 4.3 ),
"transitions": PoolRealArray( 1, 1, 1 ),
"update": 0,
"values": [ 0.0, 0.0, 1.0 ]
}
tracks/1/type = "value"
tracks/1/path = NodePath("Sprite:visible")
tracks/1/interp = 1
tracks/1/loop_wrap = true
tracks/1/imported = false
tracks/1/enabled = true
tracks/1/keys = {
"times": PoolRealArray( 0 ),
"transitions": PoolRealArray( 1 ),
"update": 1,
"values": [ true ]
}
tracks/2/type = "value"
tracks/2/path = NodePath("Sprite:offset")
tracks/2/interp = 1
tracks/2/loop_wrap = true
tracks/2/imported = false
tracks/2/enabled = true
tracks/2/keys = {
"times": PoolRealArray( 0 ),
"transitions": PoolRealArray( 1 ),
"update": 0,
"values": [ Vector2( 0, 0 ) ]
}
tracks/3/type = "value"
tracks/3/path = NodePath("Sprite:material:shader_param/dissolve")
tracks/3/interp = 1
tracks/3/loop_wrap = true
tracks/3/imported = false
tracks/3/enabled = true
tracks/3/keys = {
"times": PoolRealArray( 0, 4.3 ),
"transitions": PoolRealArray( 1, 1 ),
"update": 1,
"values": [ true, false ]
}

[sub_resource type="Animation" id=12]
resource_name = "Spawn_NoParticles"
length = 1.5
tracks/0/type = "value"
tracks/0/path = NodePath("Sprite:visible")
tracks/0/interp = 1
tracks/0/loop_wrap = true
tracks/0/imported = false
tracks/0/enabled = true
tracks/0/keys = {
"times": PoolRealArray( 0 ),
"transitions": PoolRealArray( 1 ),
"update": 1,
"values": [ true ]
}
tracks/1/type = "value"
tracks/1/path = NodePath("Sprite:offset")
tracks/1/interp = 1
tracks/1/loop_wrap = true
tracks/1/imported = false
tracks/1/enabled = true
tracks/1/keys = {
"times": PoolRealArray( 0 ),
"transitions": PoolRealArray( 1 ),
"update": 0,
"values": [ Vector2( 0, 0 ) ]
}

[node name="PlayerBirthDeath" type="Node2D"]
position = Vector2( 0, -7 )
z_index = 1
script = ExtResource( 1 )

[node name="Sprite" type="Sprite" parent="."]
material = SubResource( 13 )

[node name="Die_New" type="Particles2D" parent="."]
position = Vector2( 0, -19 )
z_index = -2
emitting = false
amount = 100
lifetime = 2.8
one_shot = true
preprocess = 1.0
randomness = 0.51
process_material = SubResource( 3 )
__meta__ = {
"_editor_description_": "particles large to small, green to yellow, upwards"
}

[node name="Die_Original" type="Particles2D" parent="."]
position = Vector2( 0, -19 )
z_index = -2
emitting = false
amount = 100
lifetime = 2.8
one_shot = true
preprocess = 1.0
randomness = 0.51
process_material = SubResource( 4 )
__meta__ = {
"_editor_description_": "particles large to small, green to yellow, upwards"
}

[node name="Respawn_New" type="Particles2D" parent="."]
position = Vector2( 0, -132 )
z_index = -2
emitting = false
amount = 100
lifetime = 2.5
one_shot = true
preprocess = 1.0
randomness = 0.51
process_material = SubResource( 7 )
__meta__ = {
"_editor_description_": "particles small to large, yellow to green downwards"
}

[node name="Respawn_Original" type="Particles2D" parent="."]
position = Vector2( 0, -132 )
z_index = -2
emitting = false
amount = 100
lifetime = 2.5
one_shot = true
preprocess = 1.0
randomness = 0.51
process_material = SubResource( 8 )
__meta__ = {
"_editor_description_": "particles small to large, yellow to green downwards"
}

[node name="AnimationPlayer" type="AnimationPlayer" parent="."]
anims/Die = SubResource( 9 )
anims/Spawn = SubResource( 10 )
anims/Spawn_Invincible = SubResource( 11 )
anims/Spawn_NoParticles = SubResource( 12 )

[connection signal="animation_finished" from="AnimationPlayer" to="." method="_on_AnimationPlayer_animation_finished"]
